AoeStats
← bll134679

Arena

509421558Analyzed
3v3 RM · 7d ago on Sep 26, 2026· 44m 5s· 6 players
Game mode
Random Map
Map size
Normal (6 player)
Population
200
Speed
Normal
Resources
Standard
Victory
Conquest
Starting age
Dark Age
Ending age
Imperial Age
RankedLock teamsTeams togetherTeam positionsShared explorationLock speedFull tech treeHidden civsTurbo modeCheats
Victory
Defeat
🇹🇷 Mongols · Türkiye
1026
+16
🇹🇷 Koreans · Türkiye
1020
+17
🇹🇷 Goths · Türkiye
989
+18
🇹🇼 Slavs · Taiwan
1074
-19
🇹🇼 Maya · Taiwan
1038
-17
🇹🇼 Mongols · Taiwan
979
-15
MASTER
11:02 Feudal Age
13:12 Wheelbarrow
12:35 Double-Bit Axe
15:52 Castle Age
16:09 Loom
16:53 Hand Cart
17:52 Horse Collar
25:22 Bow Saw
25:42 Heavy Plow
29:28 Gold Mining
31:32 Stone Mining
37:08 Imperial Age
35:02 Scale Mail Armor
35:12 Forging
36:19 Stone Shaft Mining
35:31 Pikeman
36:11 Squires
36:33 Chain Mail Armor
38:13 Iron Casting
37:38 Halberdier
42:56 Two-Man Saw
41:43 Town Watch
43:11 Man-at-Arms
akbaba
10:28 Feudal Age
12:04 Loom
12:25 Double-Bit Axe
14:56 Castle Age
13:17 Stone Mining
13:49 Horse Collar
15:49 Bow Saw
18:18 Fletching
19:30 Bodkin Arrow
23:25 Gold Mining
24:58 Heavy Plow
29:58 Imperial Age
29:59 Ballistics
32:07 Chemistry
31:10 Bracer
32:19 Two-Man Saw
35:42 Pikeman
36:22 Squires
36:07 Arson
36:17 Halberdier
37:17 Elite War Wagon
38:55 Scale Mail Armor
39:06 Forging
Estergon_
11:26 Feudal Age
15:35 Castle Age
13:27 Double-Bit Axe
13:27 Horse Collar
14:59 Gold Mining
17:36 Bow Saw
20:25 Fletching
20:35 Padded Archer Armor
24:29 Heavy Plow
26:14 Bodkin Arrow
26:35 Leather Archer Armor
31:26 Wheelbarrow
32:32 Forging
32:22 Scale Mail Armor
31:45 Pikeman
32:26 Squires
35:00 Ballistics
36:45 Masonry
40:06 Iron Casting
39:47 Chain Mail Armor
mingyi45927
11:15 Feudal Age
15:27 Castle Age
14:43 Double-Bit Axe
14:41 Horse Collar
23:47 Fletching
23:32 Elite Skirmisher
32:39 Padded Archer Armor
bll134679
0:27 Loom
0:32 Loom
10:59 Feudal Age
11:23 Horse Collar
11:30 Double-Bit Axe
19:00 Castle Age
19:58 Bow Saw
21:07 Elite Skirmisher
22:00 Fletching
23:33 Padded Archer Armor
26:20 Pikeman
30:45 Wheelbarrow
Chipupu72
10:23 Feudal Age
14:03 Castle Age
12:28 Double-Bit Axe
12:36 Horse Collar
13:15 Loom
19:47 Wheelbarrow
25:02 Hand Cart
28:14 Imperial Age
28:25 Bloodlines
28:16 Husbandry
28:26 Scale Barding Armor
28:32 Forging
28:19 Cavalier
29:27 Chain Barding Armor
29:49 Conscription
29:45 Gold Mining
29:59 Murder Holes
30:28 Bow Saw
30:23 Heavy Plow
31:08 Gold Shaft Mining
32:25 Plate Barding Armor
32:37 Iron Casting
31:39 Light Cavalry
32:28 Squires
31:52 Pikeman
33:08 Stone Mining
33:49 Hussar
36:11 Ballistics
35:57 Siege Engineers
36:53 Chemistry
37:43 Capped Ram
37:53 Halberdier
37:57 Man-at-Arms
39:15 Long Swordsman
40:01 Scale Mail Armor
41:01 Blast Furnace
41:28 Two-Handed Swordsman
Connection lost

Rejoining the realm…

Still unreachable

The connection could not be restored.

Session expired

The server has moved on; the page needs a fresh start.